 Dungeon Crawl Stone Soup version 0.29.0-4-gdea44cf6ec (webtiles) character file.

Game seed: 16956482326922690079

35 qw the Ruffian (level 3, -5/28 HPs)
             Began as a Ghoul Fire Elementalist on Aug 29, 2022.
             Slain by Sigmund
             ... wielding a +0 scythe
              (7 damage)
             ... on level 2 of the Dungeon.
             The game lasted 00:01:29 (1486 turns).

qw the Ruffian (Ghoul Fire Elementalist)            Turns: 1486, Time: 00:01:30

Health: -5/28      AC: 10    Str: 13    XL:     3   Next: 35%
Magic:  4/4        EV:  8    Int: 10    God:
Gold:   1130       SH:  0    Dex:  9    Spells: 4/5 levels left

rFire   + + .      SeeInvis .     - Unarmed
rCold   . . .      Faith    .   (no shield)
rNeg    + + +      Spirit   .   f - +0 fire dragon scales
rPois   inf        Reflect  .   h - +0 helmet
rElec   .          Harm     .   o - +0 cloak
rCorr   .          Rampage  .   (no gloves)
Will    .....                   (no boots)
Stlth   ..........              (no amulet)
HPRegen 0.00/turn               (no ring)
MPRegen 0.09/turn               (no ring)

@: inhibited regen
A: claws 1, cold resistance 1, negative energy resistance 3, inhibited
regeneration, torment resistance 2, devour on kill
a: no special abilities


You were on level 2 of the Dungeon.
You visited 1 branch of the dungeon, and saw 2 of its levels.

You collected 1130 gold pieces.


Innate Abilities, Weirdness & Mutations

You are immune to poison.
You have sharp fingernails.
Your flesh is cold resistant. (rC+)
You are immune to negative energy. (rN+++)
You do not regenerate when monsters are visible.
You are immune to unholy pain and torment.
You thrive by killing the living.


   Skills:
 - Level 1.1 Fighting
 - Level 1.7 Dodging
 - Level 2.1 Stealth
 + Level 2.8 Unarmed Combat
 - Level 1.7 Spellcasting
 - Level 0.7 Conjurations
 - Level 2.4 Fire Magic


You had 4 spell levels left.
You knew the following spells:

 Your Spells              Type           Power      Damage    Failure   Level
a - Foxfire               Conj/Fire      16%        2x1d4     75%         1

Your spell library contained the following spells:

 Spells                   Type           Power      Damage    Failure   Level
 Scorch                   Fire           10%        2d6       77%         2
 Conjure Flame            Conj/Fire      4%         6-21      98%         3
 Inner Flame              Hex/Fire       3%         N/A       99%         3
 Flame Wave               Conj/Fire      4%         2d5       100%        4

Inventory:

Armour
 f - +0 fire dragon scales (worn)
 h - a +0 helmet (worn)
 o - a +0 cloak (worn)
Jewellery
 i - a ring of resist corrosion
Scrolls
 a - a scroll of torment {unknown}
 b - a scroll of blinking {unknown}
 d - a scroll of fear {unknown}
Potions
 c - a potion of degeneration {unknown}
 e - a potion of heal wounds
 g - a potion of might
 l - a potion of curing {unknown}

Dungeon Overview and Level Annotations

Branches:
Dungeon (2/15)

Altars:

Annotations:
D:2 Sigmund


Message History

Something hits you but does no damage.
You're too confused to attack without stumbling around!
There is a strange disturbance nearby!
Something hits you but does no damage.
You're too confused to attack without stumbling around!
There is a strange disturbance nearby!
You're too confused to attack without stumbling around!
There is a strange disturbance nearby!
Something hits you.
You're too confused to attack without stumbling around!
There is a strange disturbance nearby!
You feel less confused.
You hear some strange, mumbled words.
Something tries to affect you, but you resist.
You swing at nothing.
Something hits you but does no damage.
You swing at nothing.
You swing at nothing.
You hear some strange, mumbled words.
A puff of flame appears from out of thin air!
The puff of flame hits you but does no damage.
You swing at nothing.
Something hits you.
You swing at nothing.
You swing at nothing.
Something hits you.
You swing at nothing.
Something hits you.
You swing at nothing.
You swing at nothing.
Something hits you but does no damage.
You swing at nothing.
You swing at nothing.
Something completely misses you.
You swing at nothing.
Something hits you.
You swing at nothing.
You swing at nothing.
Something hits you!
You die...

+..............%># #
#....###########.# ..
#....# #.# .. #....#
###'### #.###....#
#...... #....#####
#...... ####.b#
#......
##{##############.###
#...@......##..%..#
#..........##.##..###
#..........# #......
#..........# #...###
#..........# #...#
#........... #...#
+........... #...# #
#........... #...#..
#......... #...#.#


There were no monsters in sight!

Vanquished Creatures
  2 dart slugs (D:1)
  4 ball pythons
  3 endoplasms
  2 giant cockroaches
  4 goblins (D:1)
  2 hobgoblins
  2 kobolds
  4 quokkas (D:1)
  A bat (D:1)
  2 rats (D:1)
26 creatures vanquished.

Notes
Turn   | Place    | Note
-------+----------+-------------------------------------------
     0 | D:1      | qw the Ghoul Fire Elementalist began the quest for the Orb.
     0 | D:1      | Reached XP level 1. HP: 14/14 MP: 2/2
     0 | D:1      | 0 ||| qw: Version: 0.1-a-90-g952f4b7
     0 | D:1      | 0 ||| qw: Game counter: 4186
     0 | D:1      | 0 ||| qw: Always use a shield: true
     0 | D:1      | 0 ||| qw: God list: Okawaru
     0 | D:1      | 0 ||| qw: Allow faded altars: false
     0 | D:1      | 0 ||| qw: Do Orc after D:15 true
     0 | D:1      | 0 ||| qw: Do second Lair branch before Depths: true
     0 | D:1      | 0 ||| qw: Lair rune preference: random
     0 | D:1      | 0 ||| qw: Plans: Normal
     0 | D:1      | 0 ||| PLANNING D:1-11
    16 | D:1      | 16 ||| Stepping ~*~*~tactically~*~*~ (outnumbered).
    17 | D:1      | 17 ||| Stepping ~*~*~tactically~*~*~ (outnumbered).
    97 | D:1      | Reached skill level 1 in Unarmed Combat
   125 | D:1      | Reached XP level 2. HP: 22/22 MP: 3/3
   163 | D:1      | Reached skill level 1 in Fighting
   210 | D:1      | 210 ||| Stepping ~*~*~tactically~*~*~ (hiding).
   312 | D:1      | 312 ||| Stepping ~*~*~tactically~*~*~ (hiding).
   756 | D:1      | 756 ||| Stepping ~*~*~tactically~*~*~ (stealth).
   762 | D:1      | 762 ||| Stepping ~*~*~tactically~*~*~ (stealth).
  1087 | D:1      | Reached XP level 3. HP: 28/28 MP: 4/4
  1089 | D:1      | 1089 ||| Stepping ~*~*~tactically~*~*~ (stealth).
  1090 | D:1      | 1090 ||| Stepping ~*~*~tactically~*~*~ (stealth).
  1094 | D:1      | 1094 ||| Stepping ~*~*~tactically~*~*~ (stealth).
  1282 | D:1      | 1282 ||| UPGRADING to +0 fire dragon scales.
  1292 | D:1      | 1292 ||| DROPPING +0 robe.
  1293 | D:1      | 1293 ||| UPGRADING to +0 helmet.
  1298 | D:1      | 1298 ||| UPGRADING to +0 cloak.
  1303 | D:1      | 1303 ||| DROPPING amulet of faith.
  1304 | D:1      | 1304 ||| DROPPING ring of flight.
  1305 | D:1      | 1305 ||| READING scroll labelled ANGIUZ NOITWOI.
  1306 | D:1      | 1306 ||| READING scroll labelled RUTIAC WEOM.
  1306 | D:1      | Identified a scroll of acquirement
  1306 | D:1      | 1306 ||| ACQUIRING 1075 gold pieces
  1306 | D:1      | Acquired 1075 gold pieces
  1308 | D:1      | 1308 ||| READING scroll labelled HOELAGEPIV.
  1309 | D:1      | 1309 ||| READING scroll labelled NAGGOY PISMESM.
  1310 | D:1      | 1310 ||| DRINKING 3 bubbling red potions.
  1311 | D:1      | 1311 ||| DRINKING 2 viscous golden potions.
  1312 | D:1      | 1312 ||| DROPPING potion of magic.
  1392 | D:2      | 1392 ||| Stepping ~*~*~tactically~*~*~ (stealth).
  1393 | D:2      | 1393 ||| Stepping ~*~*~tactically~*~*~ (stealth).
  1438 | D:2      | Noticed Sigmund
  1439 | D:2      | 1439 ||| Stepping ~*~*~tactically~*~*~ (hiding).
  1461 | D:2      | HP: 1/28 [something (8)]
  1462 | D:2      | 1462 ||| DRINKING 2 potions of heal wounds.
  1476 | D:2      | HP: 7/28 [something (5)]
  1479 | D:2      | HP: 3/28 [something (1)]
  1484 | D:2      | HP: 2/28 [something (1)]
  1486 | D:2      | Slain by Sigmund

Levels and vault maps discovered:
D:1:      pf_arrival_petrified_forest, layout_basic
D:2:      layout_basic, uniq_natasha, uniq_sigmund

Skill      XL: |  1  2 |
---------------+-------+-----
Unarmed Combat | 1 2 |  2.8
Fighting       | 1 |  1.1
Dodging        | |  1.7
Stealth        | |  2.1
Spellcasting   | |  1.7
Conjurations   | |  0.7
Fire Magic     | |  2.4

Action                   || total
-------------------------++-------
Melee: Unarmed           ||    93
  Use: Scroll            ||     4
       Potion            ||     3
Armor: Robe              ||     5
       Fire dragon scale ||    13
Dodge: Dodged            ||    49

Table legend:
 A = Non-vault XP
 B = Vault XP
 C = Vault XP percentage of total XP
 D = Non-vault monster count
 E = Vault monster count
 F = Vault count percentage of total count
                 A         B        C        D         E       F
            +---------+---------+-------+---------+---------+-------
      Total |      51 |       0 |   0.0 |      26 |       0 |   0.0
            +---------+---------+-------+---------+---------+-------
        D:1 |      39 |       0 |   0.0 |      19 |       0 |   0.0
        D:2 |      12 |       0 |   0.0 |       7 |       0 |   0.0
            +---------+---------+-------+---------+---------+-------
